 Dungeon Crawl Stone Soup version 0.25.1-2-g60ff931df9 (webtiles) character file.

Game seed: 16606332355934588582

207 raphialitos the Slasher (level 5, -4/45 HPs)
             Began as a Minotaur Gladiator on Oct 27, 2020.
             Slain by a gnoll
             ... wielding a +0 flail
              (11 damage)
             ... on level 2 of the Dungeon.
             The game lasted 00:06:01 (2079 turns).

raphialitos the Slasher (Minotaur Gladiator)        Turns: 2079, Time: 00:06:02

Health: -4/45      AC:  5    Str: 19    XL:     5   Next: 54%
Magic:  4/4        EV: 13    Int:  5    God:
Gold:   119        SH:  0    Dex: 12    Spells: 4/4 levels left

rFire    . . .     SeeInvis .   (no weapon)
rCold    . . .     Gourm    .   (no shield)
rNeg     . . .     Faith    .   o - +0 ring mail
rPois    .         Spirit   .   c - +0 hat
rElec    .         Reflect  .   (no cloak)
rCorr    .         Harm     .   (no gloves)
MR       .....                  (no boots)
Stlth    +.........             (no amulet)
HPRegen  0.15/turn              (no ring)
MPRegen  0.09/turn              (no ring)

@: lethally poisoned (-4 -> -6)
A: retaliatory headbutt, horns 2
a: no special abilities


You were on level 2 of the Dungeon.
You were not hungry.

You visited 1 branch of the dungeon, and saw 2 of its levels.

You collected 119 gold pieces.

Inventory:

Missiles
 d - 3 throwing nets (quivered)
 h - 6 boomerangs
 i - 10 poisoned darts
Armour
 c - a +0 hat (worn)
 o - a +0 ring mail (worn)
Scrolls
 e - 2 scrolls of remove curse
Potions
 g - a potion of lignification {unknown}
 k - a potion of berserk rage {unknown}
 l - a potion of ambrosia {unknown}
 p - a potion of might {unknown}
Comestibles
 a - a chunk of flesh
 f - 5 rations


   Skills:
 + Level 3.4 Fighting
   Level 5.5 Long Blades
 + Level 2.3 Throwing
 + Level 1.6 Armour
 + Level 4.6 Dodging
 + Level 0.4 Stealth


You had 4 spell levels left.
You didn't know any spells.
Your spell library was empty.

Dungeon Overview and Level Annotations

Branches:
Dungeon (2/15)

Altars:
Fedhas


Innate Abilities, Weirdness & Mutations

You reflexively headbutt those who attack you in melee.
You have a pair of horns on your head.


Message History

The adder bites you.
You are poisoned.
The adder poisons you! The gnoll barely misses you.
The adder bites you but does no damage. The gnoll hits you with a +0 flail.
Some of the chunks of flesh in your inventory have rotted away.
You feel sick. The gnoll closely misses you. The adder closely misses you.
The gnoll barely misses you. The adder closely misses you.
You feel sick. The adder barely misses you.
The gnoll hits you but does no damage.
The gnoll hits you from afar with a +0 spear.
The gnoll hits you.
* * * LOW HITPOINT WARNING * * *
The adder barely misses you. The gnoll completely misses you.
The gnoll hits you with a +0 flail.
* * * LOW HITPOINT WARNING * * *
The adder misses you. You furiously retaliate!
You headbutt the adder. The gnoll closely misses you.
The gnoll closely misses you. The adder closely misses you.
The gnoll hits you with a +0 flail!
You die...

.......## .........
#......# #......# #......#
#...g.g# #....Sg# #....g@#
#......# #......#######
#............#
#............#
#............##########
#............#.........
#............#.#######.
#########.#######.#######.


You could see 4 gnolls and an adder.

Vanquished Creatures
  Sigmund (D:2)
  A gnoll (D:1)
  A dart slug (D:1)
  2 leopard geckos (D:1)
  3 giant cockroaches
  5 goblins (D:1)
  A hobgoblin (D:1)
  A ball python (D:2)
  4 bats
  4 frilled lizards
  8 kobolds
  5 rats
36 creatures vanquished.

Vanquished Creatures (others)
  A plant (D:1)
1 creature vanquished.

Grand Total: 37 creatures vanquished

Notes
Turn   | Place    | Note
-------+----------+-------------------------------------------
     0 | D:1      | raphialitos the Minotaur Gladiator began the quest for the
                  | Orb.
     0 | D:1      | Reached XP level 1. HP: 18/18 MP: 0/0
   114 | D:1      | Reached skill level 4 in Long Blades
   114 | D:1      | Reached XP level 2. HP: 25/25 MP: 1/1
   539 | D:1      | Reached XP level 3. HP: 16/30 MP: 2/2
  1376 | D:2      | Noticed Sigmund
  1397 | D:2      | Killed Sigmund
  1397 | D:2      | Reached skill level 5 in Long Blades
  1397 | D:2      | Reached skill level 1 in Armour
  1397 | D:2      | Reached XP level 4. HP: 5/38 MP: 3/3
  1397 | D:2      | Reached XP level 5. HP: 6/45 MP: 4/4
  1791 | D:2      | Found a blossoming altar of Fedhas.
  2079 | D:2      | Slain by a gnoll

Illustrated notes

Levels and vault maps discovered:
D:1:      onia_arrival_mini_maze, layout_basic, lexackson_kobold_supper
D:2:      layout_basic, nicolae_overflow_crystal_walls, first_ration,
          uniq_sigmund

Skill      XL: |  1  2  3 |
---------------+----------+-----
Long Blades    | 4 5 |  5.5
Dodging        | 4 |  4.6
Fighting       | 3 |  3.4
Armour         | 1 |  1.6
Throwing       | |  2.3
Stealth        | |  0.4

Action                   |  1- 3 |  4- 6 || total
-------------------------+-------+-------++-------
Melee: Long sword        |    48 |       ||    48
       Headbutt          |    11 |     1 ||    12
       Unarmed           |       |     5 ||     5
  Use: Scroll            |     4 |       ||     4
  Eat: Chunk             |     1 |     3 ||     4
Armor: Leather armour    |    17 |       ||    17
       Ring mail         |     1 |    25 ||    26
Dodge: Dodged            |    47 |    56 ||   103
       Rpst.: Long sword |    10 |       ||    10
